 Dungeon Crawl Stone Soup version 0.26-a0-466-g989023bd0d (webtiles) character file.

Game seed: 7623559137128580357

81 1player the Skirmisher (level 4, 0/31 HPs)
             Began as a Kobold Hunter on Aug 12, 2020.
             Killed from afar by Natasha (7 damage)
             ... with a magic dart
             ... on level 2 of the Dungeon.
             The game lasted 00:06:45 (2274 turns).

1player the Skirmisher (Kobold Hunter)              Turns: 2274, Time: 00:06:46

Health: 0/31       AC:  4    Str:  9    XL:     4   Next: 67%
Magic:  4/4        EV: 14    Int: 12    God:
Gold:   116        SH:  0    Dex: 16    Spells: 3/3 levels left

rFire    . . .     SeeInvis .   b - +0 short sword
rCold    . . .     Faith    .   (shield restricted)
rNeg     . . .     Spirit   .   c - +0 leather armour
rPois    .         Reflect  .   n - +0 helmet
rElec    .         Harm     .   (no cloak)
rCorr    .                      (no gloves)
MR       .....                  (no boots)
Stlth    +++.......             (no amulet)
HPRegen  0.10/turn              (no ring)
MPRegen  0.09/turn              (no ring)

@: mighty
A: small, nightstalker 3
a: no special abilities


You were on level 2 of the Dungeon.
You visited 1 branch of the dungeon, and saw 2 of its levels.

You collected 116 gold pieces.

Inventory:

Hand Weapons
 a - a +1 hand crossbow
 b - a +0 short sword (weapon)
Missiles
 d - 45 bolts
Armour
 c - a +0 leather armour (worn)
 n - a +0 helmet (worn)
Jewellery
 r - an uncursed ring of protection from cold {unknown}
Scrolls
 f - a scroll of enchant weapon {unknown}
 g - a scroll of remove curse {unknown}
 j - a scroll of amnesia {unknown}
 k - a scroll of fear {unknown}
 m - 3 scrolls of teleportation {unknown}
Potions
 h - a potion of heal wounds {@q2}
 l - a potion of curing {unknown}
 o - a potion of brilliance {unknown}
 p - a potion of invisibility {unknown}
 q - a potion of flight {unknown}


   Skills:
 + Level 5.0 Fighting
 - Level 4.8 Crossbows
 + Level 2.4 Dodging
 + Level 1.4 Stealth


You had 3 spell levels left.
You didn't know any spells.
Your spell library was empty.

Dungeon Overview and Level Annotations

Branches:
Dungeon (2/15)

Altars:
Wu Jian
Xom
Zin

Annotations:
D:2 Natasha


Innate Abilities, Weirdness & Mutations

You are small and have problems with some larger weapons.
You are completely attuned to the shadows.


Message History

Natasha is almost dead.
Natasha closely misses you. The crimson imp closely misses you.
Firing (i - inventory)
d - 46 bolts (quivered)
Press: ? - help, Shift-Dir - straight line, f/p - Natasha
Aim: Natasha (almost dead)
You shoot a bolt. The bolt closely misses Natasha.
Natasha stares at you and mumbles some strange words.
The magic dart hits you!
* * * LOW HITPOINT WARNING * * *
The crimson imp hits you but does no damage.
Natasha closely misses you.
You feel very mighty all of a sudden. The crimson imp barely misses you.
Natasha claws you but does no damage.
b - a +0 short sword (weapon)
Your leather armour prevents you from hitting Natasha.
Natasha is almost dead.
The crimson imp closely misses you. Natasha casts a spell at you.
The magic dart hits you!
You die...

......#
#......#############
#..>................
#.....[#####........
#......# #........
#......#####........
#...................
#..5...(............
###@h((..<..........
#.................
#.........#.######
#.........#.# ###
#.........#.# #..
#........##.# #..
#........##.# #..
####........##.# #..
#............#'##
#..


You could see Natasha and a crimson imp (summoned).

Vanquished Creatures
  Natasha (D:2)
  An adder (D:2)
  2 oozes
  A worm (D:2)
  A dart slug (D:2)
  2 leopard geckos (D:2)
  2 giant cockroaches (D:1)
  6 goblins
  4 hobgoblins
  3 kobolds
  3 bats
  2 frilled lizards
  5 rats
33 creatures vanquished.

Notes
Turn   | Place    | Note
-------+----------+-------------------------------------------
     0 | D:1      | 1player the Kobold Hunter began the quest for the Orb.
     0 | D:1      | Reached XP level 1. HP: 12/12 MP: 1/1
   291 | D:1      | Reached XP level 2. HP: 18/18 MP: 2/2
   375 | D:1      | Reached skill level 3 in Fighting
   909 | D:1      | Reached XP level 3. HP: 23/23 MP: 3/3
  1242 | D:2      | Noticed Natasha
  1400 | D:2      | Found a glowing silver altar of Zin.
  1401 | D:2      | Found an ornate altar of the Wu Jian Council.
  1403 | D:2      | Found a shimmering altar of Xom.
  1455 | D:2      | Reached skill level 4 in Fighting
  1784 | D:2      | Reached XP level 4. HP: 22/30 MP: 4/4
  2110 | D:2      | Killed Natasha
  2110 | D:2      | Reached skill level 5 in Fighting
  2260 | D:2      | Noticed Natasha
  2274 | D:2      | Killed from afar by Natasha

Illustrated notes

Levels and vault maps discovered:
D:1:      minmay_arrival_semitransparent, layout_basic
D:2:      layout_basic, minitemple, minmay_tromino_mix6, uniq_natasha

Skill      XL: |  1  2  3  4 |
---------------+-------------+-----
Fighting       | 3 4 5 |  5.0
Crossbows      | |  4.8
Dodging        | |  2.4
Stealth        | |  1.4

Action                   |  1- 3 |  4- 6 || total
-------------------------+-------+-------++-------
Melee: Short sword       |    67 |    11 ||    78
 Fire: Hand crossbow     |    17 |    14 ||    31
  Use: Scroll            |     2 |       ||     2
       Potion            |       |     1 ||     1
 Stab: Sleeping          |     3 |     5 ||     8
Armor: Leather armour    |    12 |     4 ||    16
Dodge: Dodged            |    52 |    10 ||    62

Table legend: (Time is in decaauts)
 A = Elapsed time spent in this place.
 B = Non-inter-level travel time spent in this place.
 C = Inter-level travel time spent in this place.
 D = Time resting spent in this place.
 E = Time spent auto-exploring this place.
 F = Levels seen in this place.
 G = Mean time per level.
                   A        B        C        D        E       F      G
               +--------+--------+--------+--------+--------+-----+--------+
         Total |   2271 |   2198 |     73 |    431 |    991 |   2 | 1135.5 |
       Dungeon |   2271 |   2198 |     73 |    431 |    991 |   2 | 1135.5 |
               +--------+--------+--------+--------+--------+-----+--------+

Top non-repeatable levels by time:
     D:1: 1211 daAuts
     D:2: 1059 daAuts
